Map: Jagannatha LE

Players

cheetoss - Winner!

  • Race: Zerg Zerg
  • Spawn Location: 7:00

A.I. 1 (Elite)

  • Race: Terran Terran
  • Spawn Location: 1:00

VOD

Have the link to the VOD?

Description

Time

  • Played on: Nov. 23, 2020, 8:16 a.m.
  • Length: 6:48
Show
View Real Time Build Order
Export as new Build Order

cheetoss Zerg - Winner!

Build Orders: Hatch First 

Get SALT Encoding   

  12  0:03  Drone  
  13  0:10  Drone  
  14  0:39  Hatchery  
  14  0:40  Drone  
  14  0:47  Overlord  
  14  1:05  Spawning Pool  
  14  1:07  Drone  
  14  1:12  Drone  
  14  1:16  Drone  
  16  1:20  Drone  
  17  1:31  Drone  
  18  1:40  Drone  
  19  1:51  Drone  
  20  1:56  Roach Warren, Queen  
  20  2:01  Queen  
  21  2:08  Overlord  
  23  2:17  Zergling x6  
  23  2:21  Drone  
  27  2:37  Zergling x2  
  28  2:39  Drone  
  28  2:40  Drone  
  30  2:47  Evolution Chamber  
  30  2:48  Extractor  
  30  2:50  Extractor  
  30  2:51  Drone  
  28  2:52  Queen  
  30  2:58  Zergling x2  
  30  2:59  Zergling x2  
  30  3:02  Overlord  
  32  3:23  Drone x2  
  34  3:27  Roach  
  36  3:40  Roach x2  
  36  3:41  Roach  
  39  3:45  Queen  
  41  3:51  Drone  
  41  3:53  Drone x2  
  44  3:57  Overlord  
  44  4:10  Spine Crawler  
  44  4:13  Spine Crawler  
  42  4:20  Spine Crawler, Drone  
  42  4:26  Drone  
  42  4:30  Drone  
  42  4:31  Drone  
  39  5:09  Drone x3  
  39  5:10  Drone x3  
  39  5:14  Queen  
  47  5:26  Roach x2  
  47  5:28  Overlord x2  
  51  5:40  Hatchery  
  50  5:57  Ravager  
  50  6:00  Ravager  
  50  6:03  Roach x3  
  58  6:18  Evolution Chamber  
  57  6:28  Roach  
  57  6:29  Roach  
Show
View Real Time Build Order
Export as new Build Order

A.I. 1 (Elite) Terran 

Build Orders: 2 Factory 

Get SALT Encoding   

  12  0:00  SCV  
  13  0:13  SCV  
  14  0:18  Supply Depot  
  14  0:25  SCV  
  15  0:39  SCV  
  16  0:43  Barracks  
  16  0:52  SCV  
  17  1:04  SCV  
  18  1:16  SCV  
  18  1:17  Supply Depot  
  19  1:22  Refinery  
  19  1:28  SCV  
  19  1:29  Marine  
  21  1:40  SCV  
  22  1:47  Marine  
  22  1:49  Refinery  
  22  1:52  SCV  
  24  2:04  SCV  
  24  2:05  Marine  
  26  2:16  SCV  
  26  2:20  Factory  
  27  2:23  Marine  
  27  2:28  SCV  
  29  2:39  Factory  
  29  2:40  SCV  
  29  2:41  Marine  
  31  2:44  Barracks  
  31  2:46  Supply Depot  
  31  2:54  Orbital Command  
  31  3:07  Starport  
  31  3:08  Marine  
  32  3:22  Supply Depot  
  32  3:27  Barracks Tech Lab  
  32  3:31  Barracks Tech Lab  
  32  3:40  Hellion  
  29  3:43  Medivac  
  29  3:44  Marine  
  30  3:49  Marine  
  30  3:52  Hellion  
  33  4:01  Hellion  
  33  4:02  Marine  
  36  4:07  Marauder  
  36  4:09  SCV  
  38  4:13  Viking  
  40  4:20  Marine  
  40  4:21  SCV  
  40  4:22  Stimpack  
  41  4:28  Marine  
  42  4:33  SCV  
  42  4:38  Marine  
  35  4:45  SCV  
  35  4:46  Marine  
  32  4:56  Marine  
  30  5:04  Marine  
  31  5:13  Marine  
  30  5:17  SCV  
  28  5:30  Marine, SCV  
  30  5:38  Marine  
  29  5:48  Marine  
  30  5:52  Starport Tech Lab  
  30  6:03  Marine  
  26  6:06  Marine  
  27  6:21  Marine  
  27  6:22  Hellion  
  30  6:27  Marine  
Tags
 
Add a new tag
Caveats
  • Supply blocks, unpowered buildings, or Contaminate may cause inaccurate times.
  • Supply counts are checked every 10 seconds.